cohdb
Replays
Latest Replays
All Replays
Popular Replays
Top Player Replays
Match Explorer
How It Works
Community
CoH3 Stats
Reddit
Sign in to upload your games and track your stats! →
Sign in with Steam
Match 31547107
Unlisted
Match 31547107
Overview
Messages
Build Orders
End
Construct Section Command Post
Dingo Light Scout Car
Dingo Light Scout Car
Infantry Section
Infantry Section
Construct Platoon Command Post
6-pounder Anti-tank Gun Team
6-pounder Anti-tank Gun Team
Grenade Package
Infantry Section
Humber Armored Car
Humber Armored Car
CMP 15cwt Truck
Infantry Section
Infantry Section
6-pounder Anti-tank Gun Team
Construct Company Command Post
Selects Heavy Armor Battlegroup
Selects Light Vehicle Withdraw and Refit
Selects Forward Repair Assembly
Selects Recon Artillery
PragerSchinken
Pinhi
Vlambulance-YouTube
Moonkite
191754466
go0se
BadmanLarry
PustinjskiMis
0
0
Comments
sign in to comment!
No comments posted yet!